 Seeded DCSS version 0.27-a0-978-g2aa4ecdaef (webtiles) character file.

Game seed: 12246631163096203030 (custom seed)

3369 flotson the Skirmisher (level 9, -1/117 HPs)
             Began as a Purple Draconian Hunter on Apr 13, 2021.
             Was a Priest of Fedhas.
             Slain by a water moccasin (9 damage)
             ... on level 8 of the Dungeon on Apr 14, 2021.
             The game lasted 00:21:40 (6899 turns).

flotson the Skirmisher (Purple Draconian Hunter)    Turns: 6899, Time: 00:21:43

Health: -1/117     AC: 14    Str: 17    XL:     9   Next: 73%
Magic:  12/12      EV: 13    Int: 12    God:    Fedhas [***...]
Gold:   328        SH:  4    Dex: 12    Spells: 8/8 levels left

rFire    . . .     SeeInvis .   a - +2 broad axe (vamp)
rCold    . . .     Faith    .   b - +0 buckler
rNeg     . . .     Spirit   .   (armour unavailable)
rPois    .         Reflect  .   (helmet restricted)
rElec    .         Harm     .   q - +0 cloak
rCorr    .         Rampage  .   (no gloves)
Will     ++...                  v - +1 pair of boots
Stlth    ..........             j - amulet of regeneration
HPRegen  1.29/turn              k - ring of willpower
MPRegen  0.13/turn              F - +4 ring of protection

@: berserking, lethally poisoned (-1 -> -10), slowed
A: breathe power, AC +7, unfitting armour, cold-blooded
a: Breathe Dispelling Energy, Renounce Religion, Wall of Briars, Grow
Ballistomycete


You were on level 8 of the Dungeon.
You worshipped Fedhas.
Fedhas was most pleased with you.
You visited 2 branches of the dungeon, and saw 9 of its levels.

You collected 328 gold pieces.

Inventory:

Hand Weapons
 a - a +2 vampiric broad axe (weapon)
Missiles
 c - 2 throwing nets
 l - 33 poisoned darts (quivered)
 p - 6 javelins
 G - 18 boomerangs of dispersal
Armour
 b - a +0 buckler (worn)
 q - a +0 cloak (worn)
 v - a +1 pair of boots (worn)
Magical Staves
 r - a staff of death
 t - a staff of poison
 x - a staff of cold
Jewellery
 j - an amulet of regeneration (around neck)
 k - a ring of willpower (left hand)
 z - a ring of flight
 F - a +4 ring of protection (right hand)
Wands
 u - a wand of digging (3)
 w - a wand of paralysis (8)
 C - a wand of flame (7)
Scrolls
 d - 3 scrolls of blinking {unknown}
 e - 2 scrolls of vulnerability {unknown}
 f - 3 scrolls of magic mapping {unknown}
 g - 3 scrolls of teleportation {unknown}
 m - 3 scrolls of amnesia {unknown}
 o - 2 scrolls of enchant armour {unknown}
 s - a scroll of silence {unknown}
 y - 2 scrolls of summoning {unknown}
 D - a scroll of noise {unknown}
Potions
 h - 3 potions of lignification
 i - a potion of heal wounds
 n - 2 potions of mutation
 A - a potion of attraction
 E - a potion of flight {unknown}


   Skills:
 + Level 6.6 Fighting
 - Level 1.0 Short Blades
 * Level 4.3 Axes
 + Level 6.6 Throwing
 - Level 4.2 Dodging
 - Level 4.5 Stealth
 + Level 2.9 Shields
 + Level 5.2 Invocations
 + Level 5.1 Evocations


You had 8 spell levels left.
You didn't know any spells.
Your spell library contained the following spells:

 Spells                   Type           Power      Damage    Failure   Level
 Corpse Rot               Necr/Air       N/A        N/A       50%         2
 Sublimation of Blood     Necr           0%         N/A       50%         2
 Confusing Touch          Hex            0%         N/A       75%         3
 Gell's Gravitas          Tloc           0%         N/A       75%         3
 Dispel Undead            Necr           0%         3d6       98%         4
 Petrify                  Tmut/Erth      0%         N/A       98%         4
 Agony                    Necr           0%         N/A       100%        5
 Excruciating Wounds      Necr           0%         N/A       100%        5
 Metabolic Englaciation   Hex/Ice        0%         N/A       100%        5
 Yara's Violent Unravell  Hex/Tmut       0%         3d3       100%        5


Dungeon Overview and Level Annotations

Branches:
Dungeon (8/15)             Temple (1/1) D:4
   Lair: D:8-11

Altars:
Cheibriados
Dithmenos
Fedhas
Gozag
Makhleb
Nemelex Xobeh
Ru
Uskayaw
Yredelemnul
Zin
The Shining One

Shops:
D:1 =


Innate Abilities, Weirdness & Mutations

You can breathe bolts of dispelling energy.
Your rich purple scales are hard. (AC +7)
You cannot fit into any form of body armour.
You are cold-blooded and may be slowed by cold attacks.


Message History

Fedhas appreciates your contribution to the ecosystem.
You closely miss the wraith. You closely miss the killer bee.
You feel sick. The killer bee barely misses you. The killer bee misses you.
The killer bee stings you.
* * * LOW HITPOINT WARNING * * *
You are more poisoned.
The killer bee poisons you! The wraith hits you but does no damage.
The killer bee stings you.
* * * LOW HITPOINT WARNING * * *
The water moccasin bites you but does no damage.
The killer bee barely misses you.
You barely miss the killer bee.
The killer bee is almost dead.
You hit the wraith. You slash the water moccasin!
You feel better.
You closely miss the killer bee.
You feel very sick. The killer bee stings you.
* * * LOW HITPOINT WARNING * * *
You are more poisoned.
The killer bee poisons you! You block the killer bee's attack.
The killer bee closely misses you. You block the water moccasin's attack.
The wraith hits you but does no damage. You block the killer bee's attack.
The killer bee stings you but does no damage.
The water moccasin bites you!
* * * LOW HITPOINT WARNING * * *
The wraith hits you but does no damage. The killer bee barely misses you.
You barely miss the killer bee.
The killer bee is almost dead.
You miss the killer bee. You slash the water moccasin!
You feel better.
You closely miss the wraith.
You feel very sick. The killer bee barely misses you.
The killer bee closely misses you. The water moccasin barely misses you.
The killer bee closely misses you. The wraith closely misses you.
The killer bee stings you.
* * * LOW HITPOINT WARNING * * *
You are lethally poisoned!
The killer bee poisons you! The killer bee closely misses you.
The water moccasin bites you!
You die...
Fedhas appreciates your contribution to the ecosystem.

.# #.# . ###..#
##.. .. #...#
#... .. #<#
#..#
.###.#.###..#
#........)..#
...##....y#####
#...##y@†..#
...S.# #)WS..#
..#.# #.....#
..##. #(....#
y. .. #.....# .
.......
#.......
##......#


You could see a wraith, a water moccasin and 2 killer bees.

Vanquished Creatures
  Sigmund (D:5)
  Edmund (D:5)
  A water moccasin (D:8)
  A sky beast (D:6)
  Duvessa (D:7)
  A black bear (D:6)
  2 ice beasts (D:7)
  2 orc warriors (D:7)
  A necrophage (D:6)
  An ogre (D:7)
  A phantom (D:5)
  Blork the orc (D:5)
  3 kobold brigands (D:7)
  4 bullfrogs
  A wyvern skeleton (D:7)
  2 scorpions (D:5)
  Dowan (D:7)
  6 killer bees
  4 howler monkeys
  2 bullfrog zombies (D:7)
  2 hounds
  Crazy Yiuf (D:2)
  2 centaur zombies
  A bullfrog skeleton (D:6)
  2 jellies
  An orc priest (D:7)
  A centaur skeleton (D:4)
  6 iguanas
  2 orc wizards (D:7)
  Ijyb (D:4)
  A killer bee zombie (D:7)
  Robin (D:4)
  10 gnolls
  6 adders
  A shadow imp (D:5)
  2 white imps
  3 ufetubi
  2 adder skeletons (D:4)
  4 worms
  A dart slug (D:2)
  11 orcs
  10 ball pythons
  11 endoplasms
  A giant cockroach (D:2)
  14 goblins
  5 hobgoblins
  7 jackals
  8 quokkas
  A bat (D:3)
  4 frilled lizards
  7 kobolds
  4 rats
170 creatures vanquished.

Vanquished Creatures (others)
  49 plants (D:4)
49 creatures vanquished.

Grand Total: 219 creatures vanquished

Notes
Turn   | Place    | Note
-------+----------+-------------------------------------------
     0 | D:1      | flotson the Draconian Hunter began the quest for the Orb.
     0 | D:1      | Reached XP level 1. HP: 17/17 MP: 1/1
   126 | D:1      | Reached XP level 2. HP: 7/24 MP: 2/2
   436 | D:1      | Found Xoerehik's Jewellery Shop.
   748 | D:1      | Reached skill level 1 in Stealth
  1315 | D:2      | Reached XP level 3. HP: 29/30 MP: 3/3
  1340 | D:2      | Reached skill level 1 in Short Blades
  1463 | D:2      | Reached XP level 4. HP: 16/37 MP: 4/4
  1577 | D:2      | Found a runed translucent door.
  1578 | D:2      | Noticed Crazy Yiuf
  2566 | D:2      | Killed Crazy Yiuf
  2567 | D:2      | Reached XP level 5. HP: 10/45 MP: 5/5
  3426 | D:4      | Found a staircase to the Ecumenical Temple.
  3437 | Temple   | Entered the Ecumenical Temple
  3445 | Temple   | Became a worshipper of Fedhas Madash
  3501 | D:4      | Reached XP level 6. HP: 52/52 MP: 6/6
  3561 | D:4      | Upgraded the game from 0.27-a0-972-gd1521fd518 to
                  | 0.27-a0-978-g2aa4ecdaef
  4053 | D:4      | Noticed Robin
  4064 | D:4      | Reached * piety under Fedhas
  4075 | D:4      | Killed Robin
  4152 | D:4      | Noticed Ijyb
  4162 | D:4      | Paralysed by Ijyb for 2 turns
  4163 | D:4      | Killed Ijyb
  4164 | D:4      | Reached skill level 1 in Invocations
  4348 | D:5      | Entered Level 5 of the Dungeon
  4360 | D:5      | Reached skill level 5 in Throwing
  4360 | D:5      | Reached skill level 1 in Evocations
  4476 | D:5      | Noticed Sigmund
  4485 | D:5      | Killed Sigmund
  4486 | D:5      | Your scales start taking on a rich purple colour.
  4486 | D:5      | Reached XP level 7. HP: 60/60 MP: 6/8
  4602 | D:5      | Noticed Edmund
  4614 | D:5      | Killed Edmund
  4692 | D:5      | Reached ** piety under Fedhas
  4729 | D:5      | Noticed Blork the orc
  4744 | D:5      | Killed Blork the orc
  4748 | D:5      | Reached skill level 5 in Fighting
  4748 | D:5      | Reached XP level 8. HP: 34/68 MP: 8/10
  5536 | D:6      | You fall into a shaft and drop 1 floor!
  5598 | D:7      | Reached skill level 1 in Axes
  5702 | D:6      | Reached skill level 1 in Shields
  5963 | D:6      | Found an opulent altar of Gozag.
  5971 | D:6      | Reached XP level 9. HP: 54/75 MP: 12/12
  6464 | D:7      | Reached *** piety under Fedhas
  6511 | D:7      | Noticed Dowan
  6512 | D:7      | Noticed Duvessa
  6526 | D:7      | Killed Duvessa
  6529 | D:7      | Killed Dowan
  6747 | D:7      | Reached skill level 5 in Invocations
  6753 | D:7      | Reached skill level 5 in Evocations
  6899 | D:8      | Slain by a water moccasin

Illustrated notes

Levels and vault maps discovered:
D:1:      kennysheep_arrival_forest, layout_rooms, serial_shops, shop,
          minmay_misc_feat_diagonals, minivault_23, nrook_campfire
D:2:      layout_basic, uniq_crazy_yiuf_cottage
D:3:      layout_loops_ring
D:4:      layout_basic, minmay_temple_entry_tees, serial_bayou,
          serial_bayou_ford_a, serial_bayou_pond_d, serial_bayou_shore_b,
          serial_bayou_lagoon_a, serial_bayou_pond_e, uniq_robin, uniq_ijyb
D:5:      layout_loops_ring, minmay_misc_feat_secret_circle, uniq_sigmund,
          uniq_blork_the_orc, uniq_edmund
D:6:      layout_basic, grunt_gozag_breadcrumbs
D:7:      layout_cave_pools, minmay_unpleasant_kobolds, uniq_duvessa
D:8:      layout_rooms, nzn_life_drinkers
Temple:   compressed_dpeg_triangle_lava_temple

Skill      XL: |  1  2  3  4  5  6  7  8  9 |
---------------+----------------------------+-----
Dodging        | 2 3 4 |  4.2
Throwing       | 4 5 6 |  6.6
Stealth        | 1 2 3 4 |  4.5
Short Blades   | 1 |  1.0
Fighting       | 3 4 5 6 |  6.6
Invocations    | 1 2 4 5 |  5.2
Evocations     | 1 2 4 5 |  5.1
Axes           | 1 4 |  4.3
Shields        | 1 2 |  2.9

Action                   |  1- 3 |  4- 6 |  7- 9 || total
-------------------------+-------+-------+-------++-------
Melee: Short sword       |    31 |       |       ||    31
       Tailslap          |     9 |    14 |    41 ||    64
       Dagger            |    44 |    19 |       ||    63
       Quarterstaff      |       |   144 |    96 ||   240
       Broad axe         |       |       |   198 ||   198
Throw: Javelin           |    18 |    18 |       ||    36
       Dart              |    13 |    19 |    18 ||    50
 Abil: Breathe Dispellin |       |       |     2 ||     2
Evoke: Wand              |       |       |     1 ||     1
  Use: Scroll            |       |       |     7 ||     7
       Potion            |       |       |     2 ||     2
 Stab: Sleeping          |       |     8 |    10 ||    18
       Paralysed         |       |       |     4 ||     4
Armor: Skin              |    12 |    86 |   217 ||   315
Dodge: Dodged            |    44 |   128 |   315 ||   487
Block: Buckler           |       |       |    62 ||    62

Table legend: (Time is in decaauts)
 A = Elapsed time spent in this place.
 B = Non-inter-level travel time spent in this place.
 C = Inter-level travel time spent in this place.
 D = Time resting spent in this place.
 E = Time spent auto-exploring this place.
 F = Levels seen in this place.
 G = Mean time per level.
                   A        B        C        D        E       F      G
               +--------+--------+--------+--------+--------+-----+--------+
         Total |   7116 |   6869 |    247 |     42 |   5303 |   9 |  790.7 |
       Dungeon |   7100 |   6860 |    240 |     42 |   5303 |   8 |  887.5 |
        Temple |     16 |      9 |      7 |      0 |      0 |   1 |   16.0 |
               +--------+--------+--------+--------+--------+-----+--------+

Top non-repeatable levels by time:
     D:2: 1521 daAuts
     D:1: 1148 daAuts
     D:4: 1117 daAuts
     D:6: 952 daAuts
     D:5: 878 daAuts
     D:7: 795 daAuts
     D:3: 652 daAuts
     D:8: 34 daAuts
  Temple: 16 daAuts
